 Dungeon Crawl Stone Soup version 0.31.0-32-g396128a36d (webtiles) character file.

Game seed: 7467943271978099181

33 monsoonserge the Changeling (level 3, 0/24 HPs)
             Began as an Octopode Shapeshifter on Apr 12, 2024.
             Killed by divine providence
             ... invoked by an orc priest
              (14 damage)
             ... on level 3 of the Dungeon.
             The game lasted 00:02:32 (1485 turns).

monsoonserge the Changeling (Octopode Shapeshifter) Turns: 1485, Time: 00:02:32

Health: 0/24       AC:  1    Str: 15    XL:     3   Next: 29%
Magic:  3/3        EV: 13    Int: 12    God:
Gold:   68         SH:  0    Dex: 11    Spells: 2/2 levels left

rFire   . .          .
                       - Unarmed
rCold   . . .        (no shield)
rNeg    . . .        (helmet currently unavailable)
rPois   .            (no amulet)
rElec   .            (no ring)
rCorr   .            (no ring)
SInv    .            (no ring)
Will    .....        (no ring)
Stlth   ++           (no ring)
HPRegen 0.24/turn    (no ring)
MPRegen 0.08/turn    (no ring)
                     (no ring)

%: no passive effects
@: beast-form
A: beast (slay +1), almost no armour, amphibious, 8 rings, camouflage 1,
gelatinous body 1, (nimble swimmer 1), tentacles
a: Begin Untransformation


You were on level 3 of the Dungeon.
You were a hulking beast.
You visited 1 branch of the dungeon, and saw 3 of its levels.

You collected 68 gold pieces.

Inventory:

Talismans
 b - a beast talisman
 c - a flux talisman
Scrolls
 d - a scroll of enchant weapon {unknown}
 f - a scroll of revelation {unknown}
 j - 2 scrolls of identify {unknown}
 l - a scroll of amnesia {unknown}
 m - a scroll of brand weapon {unknown}
 n - a scroll of blinking {unknown}
 o - a scroll of fear {unknown}
 p - a scroll of teleportation {unknown}
 q - a scroll of immolation {unknown}
Potions
 a - a potion of lignification
 e - 2 potions of heal wounds {unknown}
 g - a potion of experience {unknown}
 h - a potion of magic {unknown}
 i - a potion of mutation {unknown}
 k - a potion of enlightenment {unknown}


   Skills:
 - Level 2.0 Fighting
 - Level 2.0 Dodging
 - Level 1.0 Stealth
 + Level 3.2 Unarmed Combat
 * Level 3.4 Shapeshifting


You had 2 spell levels left.
You didn't know any spells.
Your spell library contained the following spells:

 Spells                   Type           Power      Damage    Failure   Level
 Freeze                   Ice            0%         1d3       32%         1
 Frozen Ramparts          Ice            0%         1d1       69%         3
 Hailstorm                Conj/Ice       0%         3d5       69%         3


Dungeon Overview and Level Annotations

Branches:
Dungeon (3/15)

Altars:
Xom


Innate Abilities, Weirdness & Mutations

You are a hulking beast.
Your limbs bulge with bestial killing power. (Slay +1)
You cannot wear most types of armour.
You are amphibious.
You can wear up to eight rings at the same time.
Your skin changes colour to match your surroundings (Stealth+).
Your rubbery body absorbs attacks. (AC +1, EV +1)
((You are camouflaged when in or above water. (Stealth+)))
You have tentacles for arms and can constrict up to eight enemies at once.


Message History

You tentacle-slap the orc. You grab the orc. You squeeze the orc.
You kill the orc!
An orc comes into view. It is wielding a +0 short sword.
The orc shouts!
The orc priest shouts!
You hear an angry hiss.
A frilled lizard comes into view.
The orc priest invokes the aid of Beogh against you.
You barely resist.
You see here a +0 falchion.
The orc shouts!
You hear a loud squeak.
The orc priest looks braver for a moment.
You tentacle-slap the orc. You grab the orc. You squeeze the orc.
You kill the orc!
A bat comes into view.
Training target 2.0 for Fighting reached!
Your Fighting skill increases to level 2!
You closely miss the orc priest. You grab the orc priest.
You constrict the orc priest, but do no damage.
The orc priest hits you with a +0 dagger.
You tentacle-slap the orc priest.
The orc priest is moderately wounded.
You constrict the orc priest, but do no damage.
The orc priest hits you with a +0 dagger.
You tentacle-slap the orc priest but do no damage.
The orc priest is moderately wounded.
You constrict the orc priest, but do no damage.
The orc priest hits you with a +0 dagger.
You tentacle-slap the orc priest.
The orc priest is moderately wounded.
You constrict the orc priest.
A frilled lizard comes into view.
A rat comes into view.
The orc priest hits you with a +0 dagger.
The rat squeaks loudly.
You tentacle-slap the orc priest.
The orc priest is severely wounded.
You constrict the orc priest.
You hear a loud squeak.
You hear a bark!
The orc priest mumbles some strange prayers to Beogh against you.
Beogh smites you!
Ouch! That really hurt!
You die...

# ### # #####.##########
#########....#..........
..........###.##)######
#########.# ####h# #.#
#o# ..#


lbo ... .l.## #### ##... #..# #r.# ...# You could see an orc priest, an orc, a
bat, 2 frilled lizards and a rat.

Vanquished Creatures
  2 orcs (D:3)
  2 endoplasms (D:1)
  4 goblins
  8 jackals (D:2)
  A quokka (D:1)
  A ball python (D:2)
  4 bats
  A frilled lizard (D:1)
  5 kobolds
28 creatures vanquished.

Notes
Turn   | Place    | Note
-------+----------+-------------------------------------------
     0 | D:1      | monsoonserge the Octopode Shapeshifter began the quest for
                  | the Orb.
     0 | D:1      | Reached XP level 1. HP: 13/13 MP: 1/1
   345 | D:1      | Reached skill level 1 in Stealth
   345 | D:1      | Reached XP level 2. HP: 18/18 MP: 2/2
  1020 | D:2      | Found a shimmering altar of Xom.
  1087 | D:2      | Reached XP level 3. HP: 20/24 MP: 3/3
  1485 | D:3      | Killed from afar by an orc priest

Illustrated notes

Levels and vault maps discovered:
D:1:      lightli_arrival_boilingwater, layout_basic, hex_intersection
D:2:      layout_basic, basic_altar
D:3:      layout_loops_ring, grunt_temple_overflow_open,
          nicolae_overflow_two_pavilions, serial_shops, nicolae_shop_trees,
          nicolae_elevator_lobby_asterisk

Skill      XL: |  1  2  3 |
---------------+----------+-----
Stealth        | 1 |  1.0
Fighting       | 2 |  2.0
Dodging        | |  2.0
Unarmed Combat | |  3.2
Shapeshifting  | |  3.4

Action                     || total
---------------------------++-------
  Melee: Unarmed           ||    52
         Constrict         ||    13
         Tentacles         ||     8
         Punch             ||     1
   Stab: Sleeping          ||     5
 Armour: Skin              ||    28
  Dodge: Dodged            ||    23
